 Dungeon Crawl Stone Soup version 0.26-a0-1060-g086102a3f0 (webtiles) character file.

Game seed: 9849575425124106941

16 Dracia the Unweaver (level 2, -1/24 HPs)
             Began as a Demonspawn Abyssal Knight on Dec 13, 2020.
             Was a Follower of Lugonu.
             Slain by a white imp (2 damage)
             ... summoned by Natasha
             ... on level 2 of the Dungeon.
             The game lasted 00:01:12 (1055 turns).

Dracia the Unweaver (Demonspawn Abyssal Knight)     Turns: 1055, Time: 00:01:13

Health: -1/24      AC:  5    Str: 12    XL:     2   Next: 37%
Magic:  4/4        EV: 10    Int: 13    God:    Lugonu [*.....]
Gold:   33         SH:  0    Dex: 12    Spells: 1/1 levels left

rFire    . . .     SeeInvis .   (no weapon)
rCold    . . .     Faith    .   (no shield)
rNeg     . . .     Spirit   .   f - +0 ring mail
rPois    .         Reflect  .   (no helmet)
rElec    .         Harm     .   (no cloak)
rCorr    .         Rampage  .   (no gloves)
Will     +....                  (no boots)
Stlth    +.........             (no amulet)
HPRegen  0.08/turn              h - ring of willpower
MPRegen  0.09/turn              (no ring)

@: no status effects
A: claws 1
a: Depart the Abyss, Renounce Religion


You were on level 2 of the Dungeon.
You worshipped Lugonu.
Lugonu was aware of your devotion.
You visited 1 branch of the dungeon, and saw 2 of its levels.
You visited the Abyss 1 time.

You collected 33 gold pieces.


Innate Abilities, Weirdness & Mutations

You have sharp fingernails.


   Skills:
 - Level 3.0 Fighting
 - Level 2.1 Long Blades
 - Level 1.7 Armour
 - Level 0.8 Dodging
 + Level 0.4 Unarmed Combat
 + Level 3.3 Invocations


You had one spell level left.
You didn't know any spells.
Your spell library was empty.

Inventory:

Hand Weapons
 a - a +1 falchion
Armour
 b - a +0 leather armour
 f - a +0 ring mail (worn)
Jewellery
 h - a ring of willpower (left claw)
Scrolls
 d - a scroll of teleportation {unknown}
 g - a scroll of fear {unknown}
 i - a scroll of enchant weapon {unknown}
 k - a scroll of remove curse {unknown}
Potions
 c - a potion of brilliance {unknown}
 e - a potion of heal wounds {unknown}
 j - 2 potions of curing {unknown}

Dungeon Overview and Level Annotations

Branches:
Dungeon (2/15)

Altars:

Annotations:
D:2 Natasha

. ...#.# .
...#.#. #.
....... #.
.......
#.##......[
..#.#..........
......5h.......
.(.#.###@....###
.<.....<........
#.#..##.........
... #..........
. #........w.
#..........
##...##.?..
#.... ....
#....# ...


You could see a worm, Natasha and a white imp (summoned).


Message History

Natasha claws you.
You barely miss Natasha. Natasha closely misses you.
You completely miss Natasha. Natasha casts a spell at you.
The magic dart hits you.
You scratch Natasha.
Natasha is lightly wounded.
Natasha barely misses you.
You scratch Natasha.
Natasha is moderately wounded.
Natasha casts a spell.
A worm comes into view.
You closely miss Natasha.
Natasha is moderately wounded.
Natasha claws you.
* * * LOW HITPOINT WARNING * * *
You scratch Natasha but do no damage.
Natasha is moderately wounded.
Natasha claws you.
* * * LOW HITPOINT WARNING * * *
The white imp hits you but does no damage.
You scratch Natasha.
Natasha is heavily wounded.
Natasha casts a spell at you. The magic dart hits you!
* * * LOW HITPOINT WARNING * * *
The white imp hits you.
* * * LOW HITPOINT WARNING * * *
The white imp freezes you.
You die...

Skill      XL: |  1 |
---------------+----+-----
Long Blades    | 2 |  2.1
Invocations    | 3 |  3.3
Fighting       | |  3.0
Armour         | |  1.7
Dodging        | |  0.8
Unarmed Combat | |  0.4

Action                   || total
-------------------------++-------
Melee: Falchion          ||    22
       Unarmed           ||    37
Armor: Leather armour    ||     3
       Ring mail         ||    28
Dodge: Dodged            ||    37
       Rpst.: Falchion   ||     6

Levels and vault maps discovered:
D:1:      kilobyte_arrival_exit_the_forest, layout_basic,
          grunt_decor_resistance, minmay_door_square, minmay_pentomino_u2
D:2:      layout_basic, lemuel_coloured_pillars_altar, minmay_3d_cube,
          uniq_natasha

Notes
Turn   | Place    | Note
-------+----------+-------------------------------------------
     0 | Abyss:1  | Dracia the Demonspawn Abyssal Knight began the quest for
                  | the Orb.
     0 | Abyss:1  | Reached XP level 1. HP: 18/18 MP: 2/2
     9 | D:1      | You pass through the gate.
     9 | D:1      | Escaped the Abyss
   279 | D:1      | Reached skill level 2 in Long Blades
   465 | D:1      | Reached skill level 3 in Invocations
   465 | D:1      | You feel monstrous as your demonic heritage exerts itself.
   465 | D:1      | Gained mutation: You have sharp fingernails. [demonic
                  | ancestry]
   465 | D:1      | Reached XP level 2. HP: 10/24 MP: 2/4
   830 | D:1      | Reached ** piety under Lugonu
  1046 | D:2      | Noticed Natasha
  1055 | D:2      | HP: 2/24 [Natasha/magic dart (7)]
  1055 | D:2      | Slain by a white imp

Vanquished Creatures
  A giant cockroach (D:1)
  2 goblins (D:1)
  4 hobgoblins (D:1)
  A kobold (D:1)
  3 bats (D:1)
  2 frilled lizards (D:1)
  2 rats (D:1)
15 creatures vanquished.

Table legend: (Time is in decaauts)
 A = Elapsed time spent in this place.
 B = Non-inter-level travel time spent in this place.
 C = Inter-level travel time spent in this place.
 D = Time resting spent in this place.
 E = Time spent auto-exploring this place.
 F = Levels seen in this place.
 G = Mean time per level.
                   A        B        C        D        E       F      G
               +--------+--------+--------+--------+--------+-----+--------+
         Total |   1063 |   1017 |     46 |    163 |    707 |   3 |  354.3 |
       Dungeon |   1054 |   1008 |     46 |    163 |    701 |   2 |  527.0 |
         Abyss |      9 |      9 |      0 |      0 |      6 |   1 |    9.0 |
               +--------+--------+--------+--------+--------+-----+--------+

Top non-repeatable levels by time:
     D:1: 1045 daAuts
     D:2: 9 daAuts
 Abyss:1: 9 daAuts

Table legend:
 A = Non-vault XP
 B = Vault XP
 C = Vault XP percentage of total XP
 D = Non-vault monster count
 E = Vault monster count
 F = Vault count percentage of total count
                 A         B        C        D         E       F
            +---------+---------+-------+---------+---------+-------
      Total |      21 |       2 |   8.7 |      14 |       1 |   6.7
            +---------+---------+-------+---------+---------+-------
        D:1 |      21 |       2 |   8.7 |      14 |       1 |   6.7
            +---------+---------+-------+---------+---------+-------
